 Dungeon Crawl Stone Soup version 0.25.0-26-g0c896c7088 (webtiles) character file.

Game seed: 6844888542423760279

(classic levelgen) 19 EnegeticOcto the Chopper (level 2, 27/27 HPs)
             Began as a Deep Dwarf Fighter on July 2, 2020.
             Quit the game on level 2 of the Dungeon.
             The game lasted 00:02:51 (577 turns).

EnegeticOcto the Chopper (Deep Dwarf Fighter)        Turns: 577, Time: 00:02:52

Health: 27/27      AC: 12    Str: 19    XL:     2   Next: 55%
Magic:  2/2        EV:  3    Int:  8    God:
Gold:   22         SH:  9    Dex: 12    Spells: 1/1 levels left

rFire    . . .     SeeInvis .   a - +0 war axe
rCold    . . .     Gourm    .   c - +0 kite shield
rNeg     . . .     Faith    .   h - +0 plate armour
rPois    .         Spirit   .   (no helmet)
rElec    .         Reflect  .   g - +0 cloak
rCorr    .         Harm     .   (no gloves)
MR       .....                  (no boots)
Stlth    ..........             (no amulet)
HPRegen  0.00/turn              (no ring)
MPRegen  0.08/turn              (no ring)

@: non-regenerating
A: damage resistance, heal wounds, sense surroundings 1, no regeneration
a: Heal Wounds


You were on level 2 of the Dungeon.
You were not hungry.

You visited 1 branch of the dungeon, and saw 2 of its levels.

You collected 22 gold pieces.

Inventory:

Hand Weapons
 a - a +0 war axe (weapon)
Armour
 b - a +0 scale mail
 c - a +0 kite shield (worn)
 g - a +0 cloak (worn)
 h - a +0 plate armour (worn)
Wands
 l - a wand of paralysis (6)
Scrolls
 k - a scroll of remove curse {@r2}
Potions
 d - a potion of might {@q3 !q}
 f - a potion of mutation {unknown}
 i - a potion of stabbing {unknown}
 j - a potion of magic {unknown}
Comestibles
 e - 2 rations


   Skills:
 - Level 2.6 Fighting
 + Level 3.5 Axes
 - Level 3.2 Armour
 - Level 3.2 Shields


You had one spell level left.
You didn't know any spells.
Your spell library was empty.

Dungeon Overview and Level Annotations

Branches:
Dungeon (2/15)

Altars:
Elyvilon
Gozag
Okawaru
Qazlal
Vehumet
The Shining One


Innate Abilities, Weirdness & Mutations

You are resistant to damage.
You can heal yourself by infusing magical energy.
You passively map a small area around you.
You do not regenerate.


Message History

You block the giant cockroach's attack. You block the giant cockroach's attack.
The giant cockroach bites you but does no damage.
The giant cockroach bites you but does no damage.
The giant cockroach bites you but does no damage.
The giant cockroach bites you but does no damage.
Found a scale mail.
The giant cockroach bites you but does no damage.
The giant cockroach bites you. You block the giant cockroach's attack.
The giant cockroach bites you but does no damage.
The giant cockroach bites you but does no damage.
You block the giant cockroach's attack.
The giant cockroach waves its antennae.
The giant cockroach bites you but does no damage.
The giant cockroach barely misses you. The giant cockroach barely misses you.
You closely miss the giant cockroach.
The giant cockroach bites you but does no damage.
You block the giant cockroach's attack.
You hit the giant cockroach.
The giant cockroach is almost dead.
The giant cockroach bites you but does no damage.
The giant cockroach completely misses you.
Your shield and plate armour prevent you from hitting the giant cockroach.
The giant cockroach is almost dead.
The giant cockroach bites you.
The giant cockroach bites you but does no damage.
Your plate armour prevents you from hitting the giant cockroach.
The giant cockroach is almost dead.
The giant cockroach barely misses you.
As you read the scroll labeled JAGU YTUENT, it crumbles to dust.
You feel strangely unstable.
It was a scroll of teleportation.
The giant cockroach bites you but does no damage.
You block the giant cockroach's attack.
You slash the giant cockroach!
You kill the giant cockroach!
You see here a giant cockroach corpse.
Your surroundings suddenly seem different.
A kobold comes into view. It is wielding a +0 dagger.
The kobold shouts!
You hear a shout!
The kobold throws a stone.
You block the stone.
The kobold throws a stone.
You block the stone.
You see here a stone.
The kobold hits you but does no damage.
You hit the kobold.
You kill the kobold!
Found a ration.
Firing (i - inventory) No suitable missiles.
Press: ? - help, Shift-Dir - straight line, f - you Really target yourself? [Y]es or [N]o only, please.
Really target yourself?
Okay, then.
Found a ration.
Found a stone staircase leading up.
There is a stone staircase leading up here.
You climb upwards.
There is a stone staircase leading down here.
Unknown command.
You climb downwards.
There is a stone staircase leading up here.
e - 2 rations (gained 1)
Found 11 stones.
Found an opulent altar of Gozag.
You see here 11 stones.
Found a stone staircase leading up.
Found a scroll labeled XAIX NY OTUI.
There is a stone staircase leading up here.
Found a runed copper wand.
Found a white marble altar of Elyvilon.
k - a scroll labeled XAIX NY OTUI
Found an iron altar of Okawaru.
A frilled lizard comes into view.
The frilled lizard hisses angrily.
Found 25 stones.
Found three altars.
You block the frilled lizard's attack.
Found a scroll labeled XAIX NY OTUI.
There is a white marble altar of Elyvilon here.
You hit the frilled lizard.
The frilled lizard is heavily wounded.
You block the frilled lizard's attack.
Your shield and plate armour prevent you from hitting the frilled lizard.
The frilled lizard is heavily wounded.
The frilled lizard bites you but does no damage.
You hit the frilled lizard.
You kill the frilled lizard!
No target in view!
l - a wand of paralysis (6)
k - 2 scrolls labeled XAIX NY OTUI (gained 1)
As you read the scroll labeled XAIX NY OTUI, it crumbles to dust.
You feel blessed for a moment.
It was a scroll of remove curse.
A leopard gecko comes into view.
The leopard gecko hisses angrily.
The leopard gecko bites you but does no damage.
You block the leopard gecko's attack. The leopard gecko barely misses you.
The leopard gecko barely misses you. The leopard gecko barely misses you.
You block the leopard gecko's attack. The leopard gecko barely misses you.
Are you sure you want to abandon this character and quit the game? (Confirm with "yes".)

.# , .#* , .# .. ,
, . .# . ##. .#
*.#### ,** #.. ,
.###....., #.#
.....# * * #.# *
...##### , #.#
..%....# *,* #.#
*## # ######.# *,
#@# ..## #.# #l# *
*#.## #<# , #.#
#.## #.# , #.#
#.## #.# #.# #.#
##### #..# #.# #.#
#.######...# #...
#.# #.#
#..........# #.._
#.# #.#
########...####..^
#.# #.#
###.........


You could see a leopard gecko.

Vanquished Creatures
  A worm (D:2)
  A dart slug (D:1)
  A giant cockroach (D:2)
  2 hobgoblins
  2 frilled lizards
  A goblin (D:2)
  5 kobolds
  2 rats (D:1)
15 creatures vanquished.

Notes
Turn   | Place    | Note
-------+----------+-------------------------------------------
     0 | D:1      | EnegeticOcto the Deep Dwarf Fighter began the quest for the
                  | Orb.
     0 | D:1      | Reached XP level 1. HP: 20/20 MP: 1/1
   189 | D:1      | Reached skill level 3 in Axes
   189 | D:1      | Reached XP level 2. HP: 27/27 MP: 2/2
   490 | D:2      | Found an opulent altar of Gozag.
   525 | D:2      | Found a white marble altar of Elyvilon.
   528 | D:2      | Found an iron altar of Okawaru.
   529 | D:2      | Found a stormy altar of Qazlal.
   529 | D:2      | Found a radiant altar of Vehumet.
   529 | D:2      | Found a glowing golden altar of the Shining One.
   577 | D:2      | Quit the game

Illustrated notes

Levels and vault maps discovered:
D:1:      mrwooster_arrival_statue_3, layout_basic
D:2:      layout_loops_ring, overflow_temple_1_default,
          grunt_temple_overflow_open, lemuel_blue_sif_altar,
          minmay_misc_feat_five

Skill      XL: |  1 |
---------------+----+-----
Axes           | 3 |  3.5
Fighting       | |  2.6
Armour         | |  3.2
Shields        | |  3.2

Action                   || total
-------------------------++-------
Melee: War axe           ||    39
  Use: Scroll            ||     2
Armor: Plate armour      ||    36
       Scale mail        ||     2
Dodge: Dodged            ||    11
Block: Kite shield       ||    36
